 Dungeon Sprint DCSS version 0.20.1-1-g8b1a95d (webtiles) character file.

50 suicidejoker the Sneak (level 3, -4/16 HPs)
             Began as a Spriggan Enchanter on Sept 5, 2017.
             Drowned by a water elemental (5 damage)
             ... in the Dungeon (Sprint III: "The Ten Rune Challenge").
             The game lasted 00:00:43 (73 turns).

suicidejoker the Sneak (Spriggan Enchanter)           Turns: 73, Time: 00:00:44

Health: -4/16      AC:  2    Str:  5    XL:     3   Next: 55%
Magic:  9/9        EV: 20    Int: 16    God:
Gold:   0          SH:  0    Dex: 16    Spells: 9/10 levels left

rFire    . . .     SeeInvis +   a - +1 dagger
rCold    . . .     Gourm    .   (shield restricted)
rNeg     . . .     Faith    .   b - +0 robe
rPois    .         Spirit   .   (helmet restricted)
rElec    .         Reflect  .   (no cloak)
rCorr    .         Harm     .   (gloves unavailable)
MR       .....     NoTele   +   (boots unavailable)
Stlth    ++++......             (no amulet)
Regen    0.1/turn               (no ring)
MPRegen  0.2/turn               (no ring)

@: engulfed (cannot breathe), very quick
A: unfitting armour, see invisible, herbivore 3, speed 3, slow metabolism 2
a: no special abilities


You were in the Dungeon.
You were not hungry.

You visited 1 branch

Inventory:

Hand Weapons
 a - a +1 dagger (weapon)
Armour
 b - a +0 robe (worn)
Scrolls
 f - 2 scrolls of magic mapping {unknown}
 j - a scroll of blinking
Potions
 e - a potion of curing
 g - a potion of haste
 h - 2 potions of magic
 i - a potion of berserk rage
Books
 c - a book of Maledictions

   Spells                             Type                      Level
   a - Corona                         Hexes                        1
   b - Ensorcelled Hibernation        Hexes/Ice                    2
   c - Confuse                        Hexes                        3
   d - Tukima's Dance                 Hexes                        3
   e - Dazzling Spray                 Conjuration/Hexes            3
Comestibles
 d - a bread ration


   Skills:
 + Level 3.2 Short Blades
 + Level 5.1 Dodging
 * Level 7.8 Stealth
 + Level 4.2 Spellcasting
 + Level 4.9 Hexes


You had 9 spell levels left.
You knew the following spells:

 Your Spells              Type           Power        Failure   Level  Hunger
a - Corona                Hex            ###....      2%          1    None


Dungeon Overview and Level Annotations

Branches:
Dungeon (1/1)

Altars:


Innate Abilities, Weirdness & Mutations

You are very small and have problems with some larger weapons.
You are too small for most types of armour.
You have supernaturally acute eyesight. (SInv)
You are a herbivore.
You cover ground extremely quickly.
You need consume almost no food.


Message History

The water elemental is lightly damaged.
The water elemental barely misses you.
You barely miss the water elemental.
The water elemental is lightly damaged.
The water elemental completely misses you.
You closely miss the water elemental.
The water elemental is lightly damaged.
The water elemental hits you.
The water elemental engulfs you in water!
You hit the water elemental.
The water elemental is lightly damaged.
Your lungs strain for air!
You hit the water elemental but do no damage.
The water elemental is lightly damaged.
* * * LOW HITPOINT WARNING * * *
Your lungs strain for air!
The water elemental closely misses you.
You closely miss the water elemental.
The water elemental is lightly damaged.
You die...

▓▓ ▓▓▓ .# ♣.# .# . ♣♣.#
'#### ...♣. ♣..#
....#....≈.♣♣♣♣.###+#+##
...†#...≈≈♣.....#.......
...[#..≈≈≈≈♣.♣..@E⌠.....
###'#..≈≈≈≈≈≈.♣.#...####
....#.≈≈≈≈≈≈....#.⌠.#
.)..#.≈≈≈≈≈.....#...#
....#.≈≈≈....†..#+###
#####...........#
................#
▓▓▓▓▓▓▓▓▓▓▓▓▓▓▓▓▓


You could see a water elemental.

Vanquished Creatures
  Jessica (D)
  A human (D)
  An ooze (D)
  2 rats (D)
5 creatures vanquished.

Vanquished Creatures (others)
  3 plants (D)
3 creatures vanquished.

Grand Total: 8 creatures vanquished

Notes
Turn   | Place    | Note
-------+----------+-------------------------------------------
     0 | D        | suicidejoker the Spriggan Enchanter began the quest for the Orb.
     0 | D        | Reached XP level 1. HP: 9/9 MP: 5/5
     4 | D        | Reached skill level 5 in Stealth
    11 | D        | Noticed Jessica
    31 | D        | Killed Jessica
    31 | D        | Reached skill level 7 in Stealth
    31 | D        | Reached XP level 2. HP: 13/13 MP: 5/7
    31 | D        | Reached XP level 3. HP: 16/16 MP: 6/9
    53 | D        | Reached skill level 5 in Dodging
    62 | D        | Noticed a water elemental
    73 | D        | Drowned by a water elemental

Skill      XL: |  1  2  3 |
---------------+----------+-----
Stealth        | 7 |  7.8
Spellcasting   | 3 4 |  4.2
Hexes          | 4 |  4.9
Short Blades   | 2 3 |  3.2
Dodging        | 4 5 |  5.1

Action                   || total
-------------------------++-------
Melee: Dagger            ||    27
  Use: Potion            ||     1
 Stab: Sleeping          ||     4
Dodge: Dodged            ||    13
